 Dungeon Crawl Stone Soup version 0.30.0-20-g3b4254fcbd (webtiles) character file.

Game seed: 8245364225313622251

36 jagang the Digger (level 3, -7/22 HPs)
             Began as an Octopode Earth Elementalist on June 2, 2023.
             Mangled by Terence
             ... wielding a +0 mace
              (10 damage)
             ... on level 2 of the Dungeon.
             The game lasted 00:03:54 (796 turns).

jagang the Digger (Octopode Earth Elementalist)      Turns: 796, Time: 00:03:55

Health: -7/22      AC:  1    Str:  7    XL:     3   Next: 37%
Magic:  4/6        EV: 13    Int: 19    God:
Gold:   32         SH:  0    Dex: 18    Spells: 5/6 levels left

rFire   . . .        (no weapon)
rCold   . . .        (no shield)
rNeg    . . .        (helmet restricted)
rPois   .            (no amulet)
rElec   .            f - +6 ring of dexterity
rCorr   .            b - ring of flight
SInv    .            (no ring)
Will    .....        (no ring)
Stlth   ++++         (no ring)
HPRegen 0.23/turn    (no ring)
MPRegen 0.10/turn    (no ring)
                     (no ring)

%: no passive effects
@: flying
A: almost no armour, amphibious, 8 rings, camouflage 1, gelatinous body 1,
(nimble swimmer 1), tentacles
a: no special abilities


You were on level 2 of the Dungeon.
You visited 1 branch of the dungeon, and saw 2 of its levels.

You collected 32 gold pieces.

Inventory:

Jewellery
 b - a ring of flight (right tentacle)
 f - a +6 ring of dexterity (left tentacle)
Scrolls
 c - a scroll of identify {unknown}
 d - a scroll of vulnerability {unknown}
 e - a scroll of blinking {unknown}
Potions
 a - a potion of magic
 g - a potion of curing {unknown}


   Skills:
 + Level 0.7 Fighting
 + Level 2.2 Dodging
 + Level 3.1 Stealth
 + Level 0.7 Unarmed Combat
 + Level 2.2 Spellcasting
 + Level 1.5 Transmutations
 + Level 3.2 Earth Magic


You had 5 spell levels left.
You knew the following spells:

 Your Spells              Type           Power      Damage    Failure   Level
a - Sandblast             Erth           28%        2d8       4%          1

Your spell library contained the following spells:

 Spells                   Type           Power      Damage    Failure   Level
 Passwall                 Tmut/Erth      9%         N/A       10%         2
 Cigotuvi's Dreadful Rot  Necr/Pois/Air  4%         N/A       26%         2
 Stone Arrow              Conj/Erth      16%        3d8       26%         3
 Petrify                  Tmut/Erth      11%        N/A       52%         4
 Dispel Undead            Necr           2%         3d7       86%         4
 Death Channel            Necr           1%         N/A       100%        6


Dungeon Overview and Level Annotations

Branches:
Dungeon (2/15)

Altars:

Shops:
D:1 =

Annotations:
D:2 Terence


Innate Abilities, Weirdness & Mutations

You cannot wear most types of armour.
You are amphibious.
You can wear up to eight rings at the same time.
Your skin changes colour to match your surroundings (Stealth+).
Your rubbery body absorbs attacks. (AC +1, EV +1)
((You are camouflaged when in or above water. (Stealth+)))
You have tentacles for arms and can constrict up to eight enemies at once.


Message History

You constrict Terence.
You tentacle-slap Terence but do no damage.
Terence is lightly wounded.
You constrict Terence, but do no damage.
Terence closely misses you.
You tentacle-slap Terence.
Terence is lightly wounded.
You constrict Terence, but do no damage.
Terence completely misses you.
You tentacle-slap Terence but do no damage.
Terence is lightly wounded.
You constrict Terence, but do no damage.
Terence hits you with a +0 mace.
You are too injured to fight recklessly!
You are too injured to fight recklessly!
You are too injured to fight recklessly!
You are too injured to fight recklessly!
You are too injured to fight recklessly!
You are too injured to fight recklessly!
Casting: Sandblast (safe; 4% risk of failure)
Confirm with . or Enter, or press ? or * to list all spells.
Aiming: Sandblast (safe; 4% risk of failure)
Press: ? - help, Shift-Dir - straight line, f/p - Terence
Aim: Terence, wielding a +0 mace and wearing a +4 scale mail (lightly wounded, constricted by you, 100% to hit)
The blast of sand hits Terence but does no damage.
Terence is lightly wounded.
You constrict Terence, but do no damage.
Terence barely misses you. Terence hits you with a +0 mace!
* * * LOW HITPOINT WARNING * * *
You tentacle-slap Terence but do no damage.
Terence is lightly wounded.
You constrict Terence, but do no damage.
Terence completely misses you.
Your magical contamination has completely faded away.
You tentacle-slap Terence but do no damage.
You squeeze Terence.
Terence is heavily wounded.
You constrict Terence, but do no damage.
Terence hits you with a +0 mace!
You die...

##...... ##...#.#
##......####
##..........#
#...........#
#..<....#
##>....##
#.....####.####
#.#.#.).@@.w.?..
........####.####
###.#.#.##
##...## ##.# #. #


You could see Terence and a worm.

Vanquished Creatures
  A gnoll (D:1)
  5 endoplasms (D:1)
  2 goblins (D:1)
  A hobgoblin (D:1)
  A quokka (D:1)
  2 ball pythons (D:1)
  2 bats (D:1)
  3 frilled lizards (D:1)
  6 kobolds (D:1)
  4 rats (D:1)
27 creatures vanquished.

Notes
Turn   | Place    | Note
-------+----------+-------------------------------------------
     0 | D:1      | jagang the Octopode Earth Elementalist began the quest for
                  | the Orb.
     0 | D:1      | Reached XP level 1. HP: 11/11 MP: 3/3
   107 | D:1      | Reached XP level 2. HP: 17/17 MP: 1/5
   196 | D:1      | Reached XP level 3. HP: 8/22 MP: 0/6
   325 | D:1      | Found Gugeics's Jewellery Shoppe.
   346 | D:1      | Noticed a great orb of eyes
   348 | D:1      | Found a faded altar of an unknown god.
   349 | D:1      | Noticed a floating eye
   349 | D:1      | Noticed a floating eye
   349 | D:1      | Noticed a floating eye
   784 | D:2      | Noticed Terence
   796 | D:2      | Mangled by Terence

Illustrated notes

Levels and vault maps discovered:
D:1:      sevenhm_arrival_forest_fort_small_6, layout_rooms, serial_shops,
          nicolae_shop_rolling_square, hellmonk_ecumenical_altar_watching_god,
          reono_crystal_passage, serial_bayou_pond_d
D:2:      layout_loops_ring, basic_altar, amcnicky_mini_rare_corridor_liquid,
          chequers_jeans, uniq_terence, uniq_crazy_yiuf_cottage

Skill      XL: |  1  2 |
---------------+-------+-----
Stealth        | 3 |  3.1
Fighting       | |  0.7
Dodging        | |  2.2
Unarmed Combat | |  0.7
Spellcasting   | |  2.2
Transmutations | |  1.5
Earth Magic    | |  3.2

Action                     || total
---------------------------++-------
  Melee: Unarmed           ||    23
         Constrict         ||     4
         Tentacles         ||     4
         Punch             ||     1
   Cast: Sandblast         ||    28
   Stab: Sleeping          ||     1
 Armour: Skin              ||     2
  Dodge: Dodged            ||    14
